 Dungeon Crawl Stone Soup version 0.19.1 (webtiles) character file.

478 Gargoyl the Skirmisher (level 7, 0/60 HPs)
             Began as a Ghoul Abyssal Knight on Dec 26, 2016.
             Was a Priest of Lugonu.
             Slain by a worker ant (5 damage)
             ... on level 3 of the Dungeon.
             The game lasted 00:09:30 (3440 turns).

Gargoyl the Skirmisher (Ghoul Abyssal Knight)       Turns: 3440, Time: 00:09:31

Health: 0/60       AC:  9    Str: 16    XL:     7   Next: 11%
Magic:  8/8        EV: 10    Int:  7    God:    Lugonu [***...]
Gold:   140        SH:  0    Dex: 10    Spells: 0 memorised, 6 levels left

rFire  . . .     SeeInvis .     t - +1 scythe (vamp)
rCold  + . .     Gourm    .     q - +0 scale mail
rNeg   + + +     Faith    .     (shield currently unavailable)
rPois  ∞         Spirit   .     (no helmet)
rElec  .         Reflect  .     (no cloak)
rCorr  .         Harm     .     d - +0 pair of gloves
MR     .....                    p - +0 pair of boots
Stlth  ..........               (no amulet)
                                (no ring)
                                (no ring)

@: rotting
A: rotting body, claws 1, carnivore 3, cold resistance 1, negative energy
resistance 3, slow regeneration 1, torment resistance, unbreathing
a: Depart the Abyss, Bend Space, Banish, Renounce Religion


You were on level 3 of the Dungeon.
You worshipped Lugonu.
Lugonu was most pleased with you.
You were not hungry.

You visited 1 branch of the dungeon, and saw 4 of its levels.
You visited the Abyss 1 time.

You collected 140 gold pieces.

Inventory:

Hand Weapons
 a - a +1 hand axe
 t - a +1 vampiric scythe (weapon)
Armour
 d - a +0 pair of gloves (worn)
 p - a +0 pair of boots (worn)
 q - a +0 scale mail (worn)
Wands
 m - a wand of digging (11/24)
Scrolls
 e - a scroll of teleportation
 g - a scroll of amnesia {unknown}
 i - 9 scrolls of identify
 n - a scroll of immolation {unknown}
 o - a scroll of noise {unknown}
 r - a scroll of remove curse {unknown}
 s - 2 scrolls of recharging {unknown}
Potions
 b - 3 potions of heal wounds {unknown}
 f - a potion of flight {unknown}
 h - 3 potions of mutation {unknown}
 j - a potion of agility {unknown}
 k - a potion of invisibility {unknown}
 v - a potion of lignification {unknown}
Comestibles
 c - 2 meat rations
 l - a royal jelly
 u - a beef jerky
 w - a chunk of flesh


   Skills:
 + Level 4.4 Fighting
 + Level 3.8(4.0) Axes
 + Level 1.3(2.8) Polearms
 * Level 3.7 Armour
 + Level 2.0 Dodging
 * Level 3.5 Invocations


You had 6 spell levels left.
You didn't know any spells.

Dungeon Overview and Level Annotations

Branches:
Dungeon (4/15)
 Temple: D:4-7

Altars:
Dithmenos
Yredelemnul
The Shining One


Innate Abilities, Weirdness & Mutations

Your body is rotting away.
You thrive on raw meat.
You are immune to poison.
You have sharp fingernails.
You are carnivorous and can eat meat at any time.
Your flesh is cold resistant. (rC+)
You are immune to negative energy. (rN+++)
You regenerate slowly when monsters are visible.
You are immune to unholy pain and torment.
You can survive without breathing.


Message History

You completely miss the worker ant.
The worker ant is heavily wounded.
The worker ant barely misses you.
The worker ant bites you but does no damage.
You barely miss the worker ant.
The worker ant is heavily wounded.
The worker ant bites you.
* * * LOW HITPOINT WARNING * * *
The worker ant bites you but does no damage.
You hit the worker ant.
The worker ant is heavily wounded.
The worker ant bites you but does no damage. x2
You barely miss the worker ant.
The worker ant is heavily wounded.
The worker ant closely misses you. The worker ant bites you.
* * * LOW HITPOINT WARNING * * *
You barely miss the worker ant.
The worker ant is heavily wounded.
The worker ant bites you.
You die...

########### ########
#.........# #....a@#
#.#######.# ######
#.####.# #.# #.# .....#
#.####.###.#######.####
####.#
#.#...............>....
#.#
#.#.##.###.###...#.####
#.# #.#.##.#
#.##......# #.#
#.#.##.# #.........#
#.# #......#
######.#### ## #.#
###.#### #.# #.


You could see a worker ant.

Vanquished Creatures
  Sigmund (D:3)
  Ijyb (D:3)
  Natasha (thrice) (D:3)
  4 gnolls (D:2)
  8 adders
  An ooze (D:2)
  A worm (D:3)
  2 dart slugs
  2 leopard geckos
  14 orcs (D:3)
  10 bats
  9 goblins
  10 hobgoblins
  2 jackals (D:1)
  A quokka (D:3)
  3 ball pythons
  5 frilled lizards
  2 gnoll zombies (D:2)
  7 kobolds
  8 rats
94 creatures vanquished.

Vanquished Creatures (others)
  A plant (D:2)
  2 starspawn tentacles (Abyss:1)
3 creatures vanquished.

Grand Total: 97 creatures vanquished

Notes
Turn   | Place    | Note
-------+----------+-------------------------------------------
     0 | Abyss:1  | Gargoyl the Ghoul Abyssal Knight began the quest for the Orb.
     0 | Abyss:1  | Reached XP level 1. HP: 19/19 MP: 1/1
     5 | Abyss:1  | Found a corrupted altar of Lugonu.
    61 | Abyss:1  | Found a corrupted altar of Lugonu.
   119 | Abyss:1  | Noticed a tentacled starspawn
   129 | Abyss:1  | Noticed a large abomination
   131 | D:1      | Escaped the Abyss
   268 | D:1      | Reached * piety under Lugonu
   278 | D:1      | Reached XP level 2. HP: 19/26 MP: 2/2
   671 | D:1      | Reached XP level 3. HP: 30/33 MP: 3/3
   760 | D:1      | Reached skill level 1 in Dodging
  1333 | D:2      | Found a basalt altar of Yredelemnul.
  1491 | D:2      | Found a shadowy altar of Dithmenos.
  1608 | D:2      | Reached XP level 4. HP: 23/40 MP: 4/4
  1996 | D:2      | Reached ** piety under Lugonu
  2162 | D:2      | Reached XP level 5. HP: 44/46 MP: 6/6
  2220 | D:2      | Found a glowing golden altar of the Shining One.
  2398 | D:3      | Noticed Sigmund
  2419 | D:3      | Killed Sigmund
  2419 | D:3      | Reached skill level 4 in Fighting
  2419 | D:3      | Reached XP level 6. HP: 28/52 MP: 7/7
  2814 | D:3      | Noticed Natasha
  2824 | D:3      | Killed Natasha
  2949 | D:3      | Noticed Ijyb
  2968 | D:3      | Noticed Natasha
  2979 | D:3      | Killed Ijyb
  2979 | D:3      | Reached skill level 1 in Polearms
  2992 | D:3      | Killed Natasha
  2992 | D:3      | Reached XP level 7. HP: 41/59 MP: 8/8
  3154 | D:3      | Noticed Natasha
  3159 | D:3      | Killed Natasha
  3266 | D:3      | Reached *** piety under Lugonu
  3440 | D:3      | Slain by a worker ant

Skill      XL: |  1  2  3  4  5  6  7 |
---------------+----------------------+-----
Armour         | 2 3 |  3.7
Axes           | 2 3 |  3.8
Dodging        | 1 2 |  2.0
Fighting       | 4 |  4.4
Invocations    | 3 |  3.5
Polearms       | 1 |  1.3

Action                   |  1- 3 |  4- 6 |  7- 9 || total
-------------------------+-------+-------+-------++-------
Melee: Hand axe          |   136 |   104 |       ||   240
       Scythe            |       |   137 |    34 ||   171
Invok: Depart the Abyss  |     1 |       |       ||     1
  Use: Scroll            |     2 |     1 |     1 ||     4
  Eat: Chunk             |    13 |    20 |     7 ||    40
Armor: Leather armour    |    25 |       |       ||    25
       Ring mail         |    24 |       |       ||    24
       Scale mail        |     1 |   172 |    25 ||   198
Dodge: Dodged            |    97 |   214 |    31 ||   342
